 Dungeon Crawl Stone Soup version 0.30-a0-347-gf58ed5266c (webtiles) character file.

Game seed: 14169399560787013966

5784 PyroL the Thaumaturge (level 11, -1/81 HPs)
             Began as a Djinni Conjurer on Oct 17, 2022.
             Was a Believer of Makhleb.
             Slain by a troll (10 damage)
             ... on level 10 of the Dungeon on Nov 7, 2022.
             The game lasted 00:36:48 (11974 turns).

PyroL the Thaumaturge (Djinni Conjurer)            Turns: 11974, Time: 00:36:49

Health: -1/81      AC:  5    Str:  6    XL:     11   Next: 6%
Gold:   653        EV: 14    Int: 36    God:    Makhleb [**....] SH:  0 Dex: 12

rFire   + + .      SeeInvis .    D - +4 trident (vamp)
rCold   x . .      Faith    .    (no shield)
rNeg    . . .      Spirit   .    M - +0 steam dragon scales
rPois   ∞          Reflect  .    (no helmet)
rElec   .          Harm     .    (no cloak)
rCorr   .          Rampage  .    (no gloves)
Will    +....                    (boots unavailable)
Stlth   ++........               (no amulet)
HPRegen 0.33/turn                A - +6 ring of intelligence
MPRegen 0.00/turn                d - +6 ring of intelligence

@: flying
A: sickness immunity, fire resistance 2, cold vulnerability 1, float, innate
caster, HP casting, extra vitality 1
a: Renounce Religion, Minor Destruction


You were on level 10 of the Dungeon.
You worshipped Makhleb.
Makhleb was pleased with you.
You visited 2 branches of the dungeon, and saw 11 of its levels.
You also visited: Sewer.

You collected 707 gold pieces.
You spent 54 gold pieces at shops.

Inventory:

Hand Weapons
 D - a +4 vampiric trident (weapon)
Missiles
 r - 5 silver javelins
 u - 4 javelins
 L - 2 throwing nets
Armour
 M - +0 steam dragon scales (worn)
Jewellery
 d - a +6 ring of intelligence (right hand)
 e - a ring of fire
 y - a ring of resist corrosion
 A - a +6 ring of intelligence (left hand)
 H - a ring of fire
 I - a ring of fire
 K - a ring of wizardry
Wands
 f - a wand of flame (31)
 t - a wand of roots (3)
 z - a wand of paralysis (8)
 J - a wand of mindburst (15)
Scrolls
 a - a scroll of enchant weapon {unknown}
 g - a scroll of torment {unknown}
 m - a scroll of noise {unknown}
 n - a scroll of fog {unknown}
 o - 2 scrolls of vulnerability
 q - 3 scrolls of blinking
 s - a scroll of amnesia {unknown}
 v - a scroll of fear
 w - a scroll of enchant armour {unknown}
 x - a scroll of summoning {unknown}
 B - 2 scrolls of teleportation
 F - 3 scrolls of magic mapping
Potions
 b - 2 potions of invisibility
 c - 5 potions of heal wounds
 h - 6 potions of flight
 i - 3 potions of ambrosia
 j - 3 potions of curing
 k - 2 potions of resistance {unknown}
 l - 2 potions of lignification
 p - 2 potions of brilliance {unknown}
 C - a potion of attraction {unknown}
 E - 2 potions of might {unknown}
 G - a potion of haste {unknown}


   Skills:
 + Level 7.9 Fighting
 + Level 7.1 Dodging
 - Level 3.7 Stealth
 - Level 9.6 Spellcasting


You couldn't memorise any spells.
You knew the following spells:

 Your Spells              Type           Power      Damage    Failure   Level
a - Magic Dart            Conj           100%       1d8       1%          1
b - Searing Ray           Conj           100%       2d8       1%          2
c - Dazzling Flash        Conj/Hex       100%       N/A       1%          3
d - Fulminant Prism       Conj/Hex       36%        3d17      1%          4
e - Iskenderun's Mystic   Conj/Tloc      72%        2d15      1%          4
f - Slow                  Hex            100%       N/A       1%          1
g - Call Imp              Summ           72%        N/A       1%          2
h - Tukima's Dance        Hex            72%        N/A       1%          3
i - Sticky Flame          Conj/Fire      72%        2d9       1%          4
j - Lightning Bolt        Conj/Air       36%        1d54      1%          5
Your spell library was empty.

Dungeon Overview and Level Annotations

Branches:
Dungeon (10/15)            Temple (1/1) D:7            Lair (0/5) D:9
  Sewer (visited)
    Orc: D:9-12

Altars:
Ashenzari
Dithmenos
Elyvilon
Fedhas
Gozag
Hepliaklqana
Makhleb
Nemelex Xobeh
Okawaru
Qazlal
Ru
Trog
Uskayaw
Wu Jian
Xom
Yredelemnul
Zin
The Shining One

Shops:
D:2 [   D:4 *   D:5 [   D:7 (*   D:8 *


Innate Abilities, Weirdness & Mutations

You are immune to sickness and miasma.
You are immune to poison.
Your flesh is very heat resistant. (rF++)
You are vulnerable to cold. (rC-)
You float through the air rather than walking.
You learn spells naturally, not from books.
Your magical power is your life essence.
You have superior vitality. (+4 MHP)


Message History

The troll shouts! x2
The troll bites you! The troll barely misses you. The troll claws you!
You hit the troll.
The troll is lightly wounded.
The troll closely misses you. The troll claws you!
The troll closely misses you. The troll attacks as you move away!
The troll bites you. The troll completely misses you. The troll claws you!
The troll attacks as you move away! The troll barely misses you.
The troll claws you. The troll closely misses you.
Casting: Searing Ray (safe; 1% risk of failure)
Confirm with . or Enter, or press ? or * to list all spells.
Aiming: Slow (safe; 1% risk of failure)
Press: ? - help, Shift-Dir - straight line, f - troll
Aim: a troll (chance to affect: 56%)
The troll resists with significant effort.
* * * LOW HITPOINT WARNING * * *
The troll closely misses you. x2; The troll claws you.
* * * LOW HITPOINT WARNING * * *
The troll bites you.
* * * LOW HITPOINT WARNING * * *
The troll claws you but does no damage. The troll claws you.
* * * LOW HITPOINT WARNING * * *
Casting: Slow (safe; 1% risk of failure)
Confirm with . or Enter, or press ? or * to list all spells.
Aiming: Lightning Bolt (dangerous; 1% risk of failure)
Press: ? - help, Shift-Dir - straight line, f/p - troll
Aim: a troll (64% to hit)
The bolt of lightning hits the troll!!
The troll is severely wounded.
* * * LOW HITPOINT WARNING * * *
You hear two shouts!
The troll bites you.
* * * LOW HITPOINT WARNING * * *
The troll claws you!
* * * LOW HITPOINT WARNING * * *
The troll barely misses you. The troll bites you.
* * * LOW HITPOINT WARNING * * *
The troll claws you!
You die...

#### ###### ####..
##..######.##.## ##.......
#...#..##......#####........
...............#.#.#........
##..##.....##...............
########...................
#####.........T.......#
#.#..........@T.......#
##...........##........#
#.....##....##...##.......
#...............## .......
#...>.<.......... .......
##<.............. .#.....
#................. .#.....
###............... .. ....
#..†........... .. #...


You could see 2 trolls.

Vanquished Creatures
  A troll (D:9)
  Grinder (D:6)
  A dancing weapon (D:9)
  3 yaks (D:10)
  3 steam dragons
  3 water moccasins
  9 orc warriors
  2 sky beasts (D:7)
  2 black bears
  An ice beast (D:7)
  4 ogres
  3 centaurs
  A phantom (D:5)
  A gnoll sergeant (D:8)
  6 kobold brigands
  4 bullfrogs
  A scorpion (D:5)
  A necrophage (D:8)
  4 killer bees (D:9)
  A howler monkey (D:9)
  6 hounds
  8 orc priests
  2 iguanas (D:6)
  6 orc wizards
  Natasha (thrice) (D:3)
  11 gnolls
  6 adders
  2 river rats (D:3)
  4 shadow imps
  A white imp (D:5)
  4 dart slugs
  A worm (D:5)
  51 orcs
  5 ball pythons
  3 endoplasms
  7 giant cockroaches
  11 goblins
  4 hobgoblins
  4 jackals
  18 kobolds
  5 quokkas
  2 bats (D:1)
  3 frilled lizards
  18 rats
237 creatures vanquished.

Vanquished Creatures (collateral kills)
  An orc warrior (D:7)
  Blork the orc (D:6)
  An orc (D:7)
3 creatures vanquished.

Vanquished Creatures (others)
  2 dancing weapons
  30 fulminant prisms
  2 fungi (D:4)
  6 plants (D:4)
40 creatures vanquished.

Grand Total: 280 creatures vanquished

Notes
Turn   | Place    | Note
-------+----------+-------------------------------------------
     0 | D:1      | PyroL the Djinni Conjurer began the quest for the Orb.
     0 | D:1      | PyroL set off with the following spells memorised: Magic
                  | Dart, Searing Ray, Dazzling Flash, Fulminant Prism,
                  | Iskenderun's Mystic Blast.
     0 | D:1      | Reached XP level 1. HP: 15/15 MP: 0/0
   128 | D:1      | Reached XP level 2. HP: 15/21 MP: 0/0
   643 | D:2      | Found Ceuwiz's Antique Armour Emporium.
   702 | D:2      | Reached XP level 3. HP: 23/25 MP: 0/0
   702 | D:2      | Learned a level 1 spell: Slow
  1130 | D:2      | Reached XP level 4. HP: 22/31 MP: 0/0
  1505 | D:3      | Found a basalt altar of Yredelemnul.
  1572 | D:3      | Reached XP level 5. HP: 34/35 MP: 0/0
  1572 | D:3      | Learned a level 2 spell: Call Imp
  1753 | D:3      | Noticed Natasha
  1756 | D:3      | Killed Natasha
  1790 | D:3      | Noticed Natasha
  1795 | D:3      | Killed Natasha
  1796 | D:3      | Reached skill level 4 in Spellcasting
  1930 | D:3      | Found a glowing drain.
  1941 | Sewer    | Entered a sewer
  2150 | Sewer    | Noticed a kobold brigand
  2155 | Sewer    | Killed a kobold brigand
  2156 | Sewer    | Reached XP level 6. HP: 31/40 MP: 0/0
  2268 | Sewer    | Found a white marble altar of Elyvilon.
  2436 | D:3      | Reached XP level 7. HP: 27/45 MP: 0/0
  2436 | D:3      | Learned a level 3 spell: Tukima's Dance
  2596 | D:3      | Noticed Natasha
  2600 | D:3      | Killed Natasha
  2709 | D:3      | Found a shadowy altar of Dithmenos.
  2809 | D:4      | Found Mocva's General Store.
  2925 | D:4      | Reached skill level 1 in Fighting
  3465 | D:4      | Found a sacrificial altar of Ru.
  3580 | D:4      | Reached skill level 5 in Spellcasting
  3657 | D:4      | Reached XP level 8. HP: 49/55 MP: 0/0
  4252 | D:5      | Entered Level 5 of the Dungeon
  4390 | D:5      | Found Loyrunaa's Antique Armour Shop.
  5066 | D:5      | Reached skill level 6 in Spellcasting
  6191 | D:6      | Noticed Grinder
  6193 | D:6      | Paralysed by Grinder for 4 turns
  6203 | D:6      | Killed Grinder
  6291 | D:6      | Reached XP level 9. HP: 34/63 MP: 0/0
  6291 | D:6      | Learned a level 4 spell: Sticky Flame
  6798 | D:6      | Noticed Blork the orc
  6818 | D:6      | Reached skill level 5 in Fighting
  6823 | D:6      | Killed Blork the orc
  6824 | D:6      | Reached skill level 7 in Spellcasting
  7149 | D:6      | Found a broken altar of Ashenzari.
  7923 | D:7      | Found Tirr's Weapon Shop.
  7945 | D:7      | Found a staircase to the Ecumenical Temple.
  7981 | Temple   | Entered the Ecumenical Temple
  8003 | Temple   | Became a worshipper of Makhleb the Destroyer
  8026 | D:7      | Upgraded the game from 0.30-a0-279-g4b46babb21 to
                  | 0.30-a0-347-gf58ed5266c
  8080 | D:7      | Found Jetenko's Overcharged Wands.
  9044 | D:7      | Reached skill level 8 in Spellcasting
  9192 | D:7      | Found a hide-covered altar of Uskayaw.
  9271 | D:7      | Reached skill level 5 in Dodging
  9271 | D:7      | Reached XP level 10. HP: 53/73 MP: 0/0
  9390 | D:8      | Found Caff's Assorted Antiques.
  9393 | D:8      | Bought a scroll of identify for 54 gold pieces
  9848 | D:8      | Reached * piety under Makhleb
 10862 | D:9      | Found a staircase to the Lair.
 10885 | D:9      | Reached skill level 9 in Spellcasting
 11200 | D:9      | Reached ** piety under Makhleb
 11915 | D:10     | Entered Level 10 of the Dungeon
 11922 | D:10     | Reached XP level 11. HP: 75/81 MP: 0/0
 11922 | D:10     | Learned a level 5 spell: Lightning Bolt
 11974 | D:10     | Slain by a troll

Illustrated notes

Levels and vault maps discovered:
D:1:      scummos_arrival_simple_crosswalls, layout_rooms
D:2:      minmay_angry_zag, layout_rooms, serial_shops,
          nicolae_shop_advertising_works [nicolae_subvault_shop_adworks],
          basic_altar
D:3:      layout_loops_ring, yredelemnul_altar_generic,
          grunt_dithmenos_smoke_and_mirrors, portal_sewer_entry_e,
          solitary_fountain, supply_closet_lemuel, dk_noncrumbling_3,
          uniq_natasha
D:4:      layout_basic, nicolae_ru_the_path_less_chosen, serial_shops,
          nicolae_stop_n_shop_2
D:5:      layout_gridville, serial_shops, nicolae_shop_hallway_stairs
D:6:      layout_loops_ring, kennysheep_mini, mainiacjoe_overflow_24_doors,
          serial_glass, glass_columns_b, glass_columns_a, item_on_display_a,
          item_on_display_a, uniq_blork_the_orc, uniq_grinder
D:7:      layout_loops_cross, nicolae_uskayaw_dance_hall,
          minmay_temple_entry_grid, serial_shops, nicolae_inconvenience_store,
          grunt_ministairs_2, nicolae_shop_overcharged_wands
D:8:      minmay_general_purpose_star, layout_basic, dreamdust_princess_bridge,
          nicolae_stop_n_shop_2, st_stairs_6, nicolae_fountain_basement
D:9:      layout_roguey [special_room_orc], lair_entry_dummy,
          minmay_tree_intersection, minivault_27
D:10:     layout_cave_pools, kennysheep_slug_shrine, orc_david_3, serial_shops,
          shop
Temple:   hellmonk_temple_of_storms

Skill      XL: |  1  2  3  4  5  6  7  8  9 10 |
---------------+-------------------------------+-----
Stealth        | 2 3 |  3.7
Dodging        | 3 4 5 7 |  7.1
Spellcasting   | 4 5 6 8 9 |  9.6
Fighting       | 2 4 6 7 |  7.9

Action                   |  1- 3 |  4- 6 |  7- 9 | 10-12 || total
-------------------------+-------+-------+-------+-------++-------
Melee: Dagger            |     8 |    15 |    73 |    10 ||   106
       Trident           |       |       |       |    42 ||    42
 Cast: Magic Dart        |    51 |    69 |   149 |       ||   269
       Searing Ray       |     3 |     8 |    36 |    10 ||    57
       Fulminant Prism   |       |     3 |    11 |    16 ||    30
       Tukima's Dance    |       |       |     6 |     5 ||    11
       Sticky Flame      |       |       |     5 |     8 ||    13
       Dazzling Flash    |       |       |     3 |     1 ||     4
       Iskenderun's Myst |       |       |     2 |       ||     2
       Slow              |       |       |       |     5 ||     5
       Call Imp          |       |       |       |     1 ||     1
       Lightning Bolt    |       |       |       |     1 ||     1
  Use: Scroll            |       |       |     7 |     2 ||     9
       Potion            |       |       |     1 |       ||     1
 Stab: Sleeping          |       |       |     4 |     1 ||     5
Armor: Robe              |     4 |     2 |    21 |     7 ||    34
       Steam dragon scal |       |       |       |     6 ||     6
Dodge: Dodged            |     6 |    11 |   136 |    80 ||   233

Table legend: (Time is in decaauts)
 A = Elapsed time spent in this place.
 B = Non-inter-level travel time spent in this place.
 C = Inter-level travel time spent in this place.
 D = Time resting spent in this place.
 E = Time spent auto-exploring this place.
 F = Levels seen in this place.
 G = Mean time per level.
                   A        B        C        D        E       F      G
               +--------+--------+--------+--------+--------+-----+--------+
         Total |  11988 |  11672 |    316 |   3596 |   6415 |  12 |  999.0 |
       Dungeon |  11579 |  11263 |    316 |   3443 |   6234 |  10 | 1157.9 |
        Temple |     43 |     43 |      0 |      0 |     21 |   1 |   43.0 |
         Sewer |    365 |    365 |      0 |    153 |    160 |   1 |  365.0 |
               +--------+--------+--------+--------+--------+-----+--------+

Top non-repeatable levels by time:
     D:4: 2180 daAuts
     D:7: 1600 daAuts
     D:6: 1519 daAuts
     D:8: 1334 daAuts
     D:9: 1247 daAuts
     D:5: 1195 daAuts
     D:3: 966 daAuts
     D:2: 775 daAuts
     D:1: 700 daAuts
   Sewer: 365 daAuts
    D:10: 59 daAuts
  Temple: 43 daAuts
